Description

  • Билд:
  • 14 - сап
  • 16 - барак, газ
  • 18 - скаут
  • 100% барак - рипер, ОС
  • 400 минералов - СС, 2ой саплай
  • 100% рипер - марик
  • 100 газа - факта
  • 75 минералов - 2ой газ
  • 100% марик - реактор
  • 100% СС - ОС
  • 100% реактор и факта - свап, гелики (6 шт.), 1-2 марика, старпорт
  • 100% старпорт - либератор, лаба на бараке, стим
  • 400 минералов - 3ий СС

Replay - TvZ 2020 bio

Build Order

Get SALT Encoding   

  14  0:18  Supply Depot  
  15  0:41  Barracks  
  16  0:43  Refinery  
  18  1:02  Action  скаут
  19  1:28  Reaper, Orbital Command  100% барак, 100% барак
  20  1:43  Command Center  400 минералов
  20  1:52  Supply Depot  2ой саплай
  20  2:00  Marine  100% рипер - разведка 3 базы
  23  2:15  Factory  100 газа
  23  2:17  Refinery  75 минералов
  23  2:20  Barracks Reactor  100% марик
  25  2:55  Orbital Command  100% СС
  26  2:59  Starport  
  26  3:04  Marine  
  26  3:05  Hellion x2  100% реактор и факта - свап
  32  3:20  Liberator, Supply Depot  100% старпорт
  32  3:25  Marine  
  37  3:27  Hellion x2  
  44  3:44  Barracks Tech Lab  лаба на бараке
  44  3:49  Supply Depot  
  44  3:50  Hellion x2  
  49  4:03  Marine  
  49  4:04  Stimpack  стим
  52  4:17  Command Center  400 минералов
  53  4:32  Starport Reactor  4:30 подпуш 6 геликов 1 либер 1 рипер
  53  4:35  Factory Tech Lab, Barracks x2  
  53  4:41  Marine  5:00 две инженерки
  53  4:45  Engineering Bay x2  
  57  4:55  Siege Tank  
  55  5:12  Terran Infantry Armor Level 1, Terran Infantry Weapons Level 1  
  51  5:21  Starport Reactor  
  51  5:23  Marine x2  
  51  5:28  Refinery x2, Marine  
  53  5:30  Orbital Command  
  53  5:33  Marine x2  
  57  5:40  Barracks x2  
  65  5:55  Combat Shield  
  67  5:58  Medivac x2  
  67  6:01  Orbital Command  
  70  6:11  Supply Depot  
  77  6:27  Factory Reactor  
  77  6:28  Barracks Reactor x2  
  79  6:33  Factory  
  81  6:47  Medivac x2  7:10 пуш 2 медивака 16 мариков, под 1, 1 , стим, щиты.
  81  6:50  Armory  
  101  7:08  Widow Mine x2  
  101  7:24  Widow Mine  
  101  7:29  Marauder  
  117  7:30  Widow Mine x2  
  117  7:52  Widow Mine x3  
  117  7:54  Terran Infantry Weapons Level 2, Terran Infantry Armor Level 2  
  117  7:56  Terran Vehicle And Ship Armor Level 1  8:00 атака 30м 4 мед 1 танк 5 мин
  132  8:05  Marauder  
  132  8:12  Refinery  
  135  8:14  Widow Mine x2, Command Center  
  146  8:40  Marauder  
  128  9:01  Marauder  
  128  9:02  Medivac x2  
  137  9:12  Refinery  
  140  9:23  Marauder  
  149  9:24  Concussive Shells  
  149  9:25  Sensor Tower  
  153  9:34  Barracks x2  
  143  9:39  Barracks  
  143  9:44  Marauder  13:00+ заебать зерга кучей нюк на все базы и на АРМИЮ
Spawning Tool Build Advisor. Get it on Overwolf

Go to:

Details

  • Created by: Diabollus  
  • Published on: Feb 03, 2020
  • Modified on: Feb 03, 2020
  • Patch: 4.11.0
Show
View Real Time Build Order
Export as new Build Order

Comments (0)

There are no comments. Be the first!

Create an account to comment!